 Dungeon Crawl Stone Soup version 0.29.0-4-gdea44cf6ec (webtiles) character file.

Game seed: 11580717573458358546

101 qw the Sneak (level 4, -1/28 HPs)
             Began as a Gargoyle Delver on Sept 10, 2022.
             Slain by a gnoll
             ... wielding a +0 halberd
              (6 damage)
             ... on level 2 of the Dungeon.
             The game lasted 00:01:04 (2730 turns).

qw the Sneak (Gargoyle Delver)                      Turns: 2730, Time: 00:01:05

Health: -1/28      AC: 12    Str: 17    XL:     4   Next: 75%
Magic:  4/4        EV:  7    Int: 11    God:
Gold:   141        SH:  0    Dex: 11    Spells: 3/3 levels left

rFire   . . .      SeeInvis .   Y - +0 hand axe
rCold   . . .      Faith    .   (no shield)
rNeg    + . .      Spirit   .   i - +0 chain mail
rPois   inf        Reflect  .   (no helmet)
rElec   +          Harm     .   (no cloak)
rCorr   .          Rampage  .   (no gloves)
Will    .....                   (no boots)
Stlth   ..........              (no amulet)
HPRegen 0.09/turn               (no ring)
MPRegen 0.09/turn               (no ring)

@: no status effects
A: sickness immunity, AC +3, negative energy resistance 1, electricity
resistance, torment resistance 1, petrification resistance
a: no special abilities


You were on level 2 of the Dungeon.
You visited 1 branch of the dungeon, and saw 5 of its levels.

You collected 141 gold pieces.


Innate Abilities, Weirdness & Mutations

You are immune to sickness and miasma.
Your stone body is resilient. (AC +3)
You are immune to poison.
You resist negative energy. (rN+)
You are resistant to electric shocks. (rElec)
You are resistant to unholy torment.
You are immune to petrification.


   Skills:
 - Level 3.2 Fighting
 - Level 4.0 Axes
 + Level 1.7 Armour
 - Level 1.5 Dodging
 - Level 5.4 Stealth


You had 3 spell levels left.
You didn't know any spells.
Your spell library was empty.

Inventory:

Hand Weapons
 h - a +0 flail
 Y - a +0 hand axe (weapon)
Armour
 i - a +0 chain mail (worn)
Wands
 g - a wand of digging (3)
Scrolls
 c - 2 scrolls of identify
 d - a scroll of noise {unknown}
 e - a scroll of teleportation {unknown}
Potions
 a - 3 potions of curing {unknown}
 b - a potion of brilliance {unknown}
 f - a potion of haste
 j - a potion of mutation {unknown}

Dungeon Overview and Level Annotations

Branches:
Dungeon (5/15)
 Temple: D:4-7

Altars:
Sif Muna
Trog


Message History

HP restored.
You see here a bat corpse.
c - 2 scrolls of identify (gained 1)
Found a stone staircase leading up.
Enter note:
Enter note:
There is a stone staircase leading up here.
There is a stone staircase leading up here.
a - 3 metallic puce potions (gained 2)
A gnoll and a dart slug come into view.
The gnoll shouts!
A ball python comes into view.
2722 ||| Stepping ~*~*~tactically~*~*~ (stealth).
An adder comes into view.
The ball python hisses angrily.
The adder hisses angrily.
The gnoll hits you from afar with a +0 halberd.
You hit the dart slug.
The dart slug is heavily wounded.
The dart slug barely misses you. The gnoll closely misses you.
You hit the dart slug.
You kill the dart slug!
The gnoll hits you but does no damage.
You hit the adder.
The adder is moderately wounded.
The gnoll hits you but does no damage.
You hit the adder.
The adder is heavily wounded.
You hit the ball python.
You kill the ball python!
The adder bites you.
The gnoll hits you from afar with a +0 halberd!
The adder bites you.
You slash the adder!
You kill the adder!
The gnoll hits you but does no damage. The gnoll hits you with a +0 halberd!
You see here a ball python corpse.
You barely miss the gnoll. The gnoll hits you with a +0 halberd.
You die...

#.#############
######### ###.
........### #.|.
#######.... #...
... #.... ..### #.K
##.#. #.#.#.#b.
#.## #.#g..#.# #.#
#.@.# #.# #####.#
#.#...#.# #.....#
#.#.#.#.## #.######
#.#####..# #.### #.
#.....%..###...###.
##.................
#...#######.......
#...# #######.
#...######## #.


You could see a gnoll.

Vanquished Creatures
  4 adders
  A worm (D:2)
  2 dart slugs
  2 orcs
  9 bats
  3 endoplasms
  2 giant cockroaches
  2 goblins
  10 hobgoblins
  2 kobolds (D:1)
  3 quokkas
  5 ball pythons
  4 frilled lizards
  A rat (D:3)
50 creatures vanquished.

Notes
Turn   | Place    | Note
-------+----------+-------------------------------------------
     0 | D:5      | qw the Gargoyle Delver began the quest for the Orb.
     0 | D:5      | Reached XP level 1. HP: 14/14 MP: 1/1
     0 | D:5      | 0 ||| qw: Version: 0.1-a-116-g5d60599
     0 | D:5      | 0 ||| qw: Game counter: 9420
     0 | D:5      | 0 ||| qw: Always use a shield: true
     0 | D:5      | 0 ||| qw: God list: Okawaru
     0 | D:5      | 0 ||| qw: Allow faded altars: false
     0 | D:5      | 0 ||| qw: Do Orc after D:15 true
     0 | D:5      | 0 ||| qw: Do second Lair branch before Depths: true
     0 | D:5      | 0 ||| qw: Lair rune preference: random
     0 | D:5      | 0 ||| qw: Plans: Normal
     0 | D:5      | 0 ||| PLANNING D:1-11
     1 | D:5      | Found a shimmering blue altar of Sif Muna.
    20 | D:5      | Reached XP level 2. HP: 16/19 MP: 2/2
    72 | D:5      | 72 ||| DROPPING scroll of fog.
    73 | D:5      | 73 ||| DROPPING scroll of magic mapping.
    74 | D:5      | 74 ||| DROPPING scroll of fear.
   177 | D:4      | Found a bloodstained altar of Trog.
   531 | D:2      | 531 ||| READING scroll labelled IQOFUXZ SOOWEG.
   568 | D:1      | Reached skill level 3 in Axes
   601 | D:1      | Reached XP level 3. HP: 23/23 MP: 3/3
   904 | D:1      | 904 ||| Stepping ~*~*~tactically~*~*~ (hiding).
  1006 | D:1      | 1006 ||| Stepping ~*~*~tactically~*~*~ (hiding).
  1108 | D:1      | 1108 ||| Stepping ~*~*~tactically~*~*~ (hiding).
  1803 | D:1      | 1803 ||| UPGRADING to +0 ring mail.
  1813 | D:1      | 1813 ||| DROPPING +0 leather armour.
  1928 | D:2      | You fall into a shaft and drop 1 floor!
  1940 | D:3      | 1940 ||| Stepping ~*~*~tactically~*~*~ (stealth).
  2053 | D:3      | 2053 ||| Stepping ~*~*~tactically~*~*~ (stealth).
  2058 | D:3      | Reached XP level 4. HP: 19/28 MP: 4/4
  2155 | D:3      | 2155 ||| DROPPING +0 club.
  2236 | D:3      | 2236 ||| UPGRADING to +0 scale mail.
  2246 | D:3      | 2246 ||| DROPPING +0 ring mail.
  2247 | D:3      | 2247 ||| UPGRADING to +0 chain mail.
  2257 | D:3      | 2257 ||| DROPPING +0 scale mail.
  2372 | D:2      | 2372 ||| Stepping ~*~*~tactically~*~*~ (stealth).
  2374 | D:2      | 2374 ||| Stepping ~*~*~tactically~*~*~ (stealth).
  2403 | D:2      | 2403 ||| Stepping ~*~*~tactically~*~*~ (stealth).
  2405 | D:2      | 2405 ||| Stepping ~*~*~tactically~*~*~ (stealth).
  2416 | D:2      | Reached skill level 1 in Armour
  2722 | D:2      | 2722 ||| Stepping ~*~*~tactically~*~*~ (stealth).
  2729 | D:2      | HP: 5/28 [gnoll/+0 halberd (8)]
  2730 | D:2      | Slain by a gnoll

Levels and vault maps discovered:
D:1:      heliophobic_arrival_dark_side_of_the_moon, layout_basic
D:2:      layout_loops_ring, minmay_split_cup_large
D:3:      layout_basic, lemuel_crystal_altar,
          shapermc_ecumenical_altar_flowoftime
D:4:      layout_cave_pods, trog_butcher_becter, mainiacjoe_overflow_paths,
          mainiacjoe_overflow_cross_hatched, gammafunk_ghost_smash,
          serial_bayou_pond_b, hangedman_abyss_or_decor_stabs
D:5:      layout_loops_ring, nicolae_sif_muna_condensation, fiery_altar_vehumet

Skill      XL: |  1  2  3  4 |
---------------+-------------+-----
Axes           | 2 3 4 |  4.0
Armour         | 1 |  1.7
Fighting       | |  3.2
Dodging        | |  1.5
Stealth        | |  5.4

Action                   |  1- 3 |  4- 6 || total
-------------------------+-------+-------++-------
Melee: Hand axe          |   148 |    50 ||   198
       Punch             |     2 |       ||     2
  Use: Scroll            |     1 |       ||     1
 Stab: Sleeping          |     2 |       ||     2
Armor: Leather armour    |    34 |       ||    34
       Ring mail         |    15 |     4 ||    19
       Chain mail        |       |    38 ||    38
Dodge: Dodged            |    88 |    27 ||   115

Table legend:
 A = Non-vault XP
 B = Vault XP
 C = Vault XP percentage of total XP
 D = Non-vault monster count
 E = Vault monster count
 F = Vault count percentage of total count
                 A         B        C        D         E       F
            +---------+---------+-------+---------+---------+-------
      Total |     120 |      25 |  17.2 |      45 |       5 |  10.0
            +---------+---------+-------+---------+---------+-------
        D:1 |      43 |       0 |   0.0 |      24 |       0 |   0.0
        D:2 |      51 |      20 |  28.2 |      14 |       3 |  17.6
        D:3 |      12 |       0 |   0.0 |       6 |       0 |   0.0
        D:4 |       0 |       5 | 100.0 |       0 |       2 | 100.0
        D:5 |      14 |       0 |   0.0 |       1 |       0 |   0.0
            +---------+---------+-------+---------+---------+-------
